 Dungeon Crawl Stone Soup version 0.31.0-11-ge490571c62 (webtiles) character file.

Game seed: 15239976689220960032

8 Gadfly the Trooper (level 2, 23/24 HPs)
             Began as a Demonspawn Monk on Jan 29, 2024.
             Quit the game on level 1 of the Dungeon.
             The game lasted 00:00:21 (227 turns).

Gadfly the Trooper (Demonspawn Monk)                 Turns: 227, Time: 00:00:22

Health: 23/24      AC:  2    Str: 11    XL:     2   Next: 0%
Magic:  2/2        EV: 13    Int: 10    God:
Gold:   0          SH:  0    Dex: 17    Spells: 1/1 levels left

rFire   . .          .
                       - Unarmed
rCold   . . .        c - orb {light}
rNeg    . . .        a - +0 robe
rPois   .            (no helmet)
rElec   .            (no cloak)
rCorr   .            (no gloves)
SInv    .            (no boots)
Will    .....        (no amulet)
Stlth   +            (no ring)
HPRegen 0.24/turn    (no ring)
MPRegen 0.08/turn

%: no passive effects
@: glowing
A: thin skeletal structure 1
a: no special abilities


You were on level 1 of the Dungeon.
You visited 1 branch of the dungeon, and saw 1 of its levels.

Inventory:

Armour
 a - a +0 robe (worn)
 c - an orb of light (worn)
Jewellery
 e - an amulet of reflection
Scrolls
 d - a scroll of fear {unknown}
Potions
 b - a potion of ambrosia


   Skills:
 + Level 3.0 Fighting
 + Level 2.7 Dodging
 * Level 2.8 Unarmed Combat
 * Level 0.5 Evocations
 * Level 0.4 Shapeshifting


You had one spell level left.
You didn't know any spells.
Your spell library contained the following spells:

 Spells                   Type           Power      Damage    Failure   Level
 Freeze                   Ice            0%         1d3       36%         1
 Frozen Ramparts          Ice            0%         1d1       75%         3
 Hailstorm                Conj/Ice       0%         3d5       75%         3


Dungeon Overview and Level Annotations

Branches:
Dungeon (1/15)

Altars:


Innate Abilities, Weirdness & Mutations

You have a somewhat thin skeletal structure. (Dex +2, Stealth+)


Message History

You hit the frilled lizard.
The frilled lizard is heavily wounded.
The frilled lizard barely misses you.
You hit the frilled lizard.
You kill the frilled lizard!
No target in view!
No target in view!
No target in view!
No target in view!
No target in view!
No target in view!
You see here a frilled lizard corpse.
You open the door.
There is an open door here.
You open the large door.
A quokka comes into view.
You hit the quokka but do no damage. The quokka bites you.
You barely miss the quokka. The quokka closely misses you.
You hit the quokka.
The quokka is moderately wounded.
The quokka closely misses you.
You hit the quokka.
You kill the quokka!
No target in view!
No target in view!
No target in view!
No target in view!
No target in view!
You pick up a book of Frost and begin reading...
You add the spells Freeze, Frozen Ramparts and Hailstorm to your library.
An endoplasm comes into view.
The endoplasm quivers.
The endoplasm moves out of view.
You hit the endoplasm but do no damage. The endoplasm hits you.
You hit the endoplasm.
You kill the endoplasm!
You have reached level 2!
Your demonic ancestry asserts itself...
Your bones become slightly less dense.
Are you sure you want to abandon this character and quit the game? (Confirm with "yes".)

........##..............
.........#..............
........................
........##..##..........
.................##''##.
............#...##≈..≈##
..............####≈≈≈≈##
#..#...##...###########
#..@....####≈≈≈§§§≈§
#...##..# #≈≈≈.<§§≈≈
#...##..# #........§
.........# #+##....##
.##...##..# ##''## ..
#......## #....# . .....
#######....##
##....###≈≈§§....#...
#≈§≈§...#......


There were no monsters in sight!

Vanquished Creatures
  2 endoplasms (D:1)
  A quokka (D:1)
  A ball python (D:1)
  2 frilled lizards (D:1)
  A kobold (D:1)
  2 rats (D:1)
9 creatures vanquished.

Notes
Turn   | Place    | Note
-------+----------+-------------------------------------------
     0 | D:1      | Gadfly the Demonspawn Monk began the quest for the Orb.
     0 | D:1      | Reached XP level 1. HP: 18/18 MP: 1/1
   227 | D:1      | Gained mutation: You have a somewhat thin skeletal
                  | structure. (Dex +2, Stealth+) [demonic ancestry]
   227 | D:1      | Reached XP level 2. HP: 23/24 MP: 2/2
   227 | D:1      | Quit the game

Illustrated notes

Levels and vault maps discovered:
D:1:      denvon_arrival_hothouse, layout_basic, chequers_serial_rivers_small_b,
          feat_on_display

Action                     || total
---------------------------++-------
  Melee: Unarmed           ||    22
 Armour: Robe              ||     7
  Dodge: Dodged            ||    11
